 Dungeon Crawl Stone Soup version 0.27-a0-1312-g5cdb2b3542 (webtiles) character file.

Game seed: 15565046689107801479

33 Phlounder the Skirmisher (level 3, -2/31 HPs)
             Began as a Djinni Wanderer on June 19, 2021.
             Slain by a scorpion (3 damage)
             ... on level 2 of the Dungeon.
             The game lasted 00:06:41 (1193 turns).

Phlounder the Skirmisher (Djinni Wanderer)          Turns: 1193, Time: 00:06:42

Health: -2/31      AC:  3    Str: 12    XL:     3   Next: 47%
Gold:   52         EV: 11    Int: 14    God:
                   SH:  0    Dex: 11

rFire    + + .     SeeInvis .   a - +2 dagger
rCold    x . .     Faith    .   (no shield)
rNeg     . . .     Spirit   .   c - +0 robe
rPois    ∞         Reflect  .   (no helmet)
rElec    .         Harm     .   g - +0 cloak
rCorr    .         Rampage  .   (no gloves)
Will     .....                  (boots unavailable)
Stlth    ++........             (no amulet)
HPRegen  0.10/turn              (no ring)
MPRegen  0.00/turn              (no ring)

@: flying, very slightly contaminated
A: sickness immunity, fire resistance 2, cold vulnerability 1, float, innate
caster, hp casting, extra vitality 1
a: no special abilities


You were on level 2 of the Dungeon.
You visited 1 branch of the dungeon, and saw 2 of its levels.

You collected 52 gold pieces.

Inventory:

Hand Weapons
 a - a +2 dagger (weapon)
Missiles
 d - 71 stones
Armour
 c - a +0 robe (worn)
 g - a +0 cloak (worn)
Jewellery
 h - a ring of resist corrosion
Scrolls
 f - a scroll of immolation {unknown}
 i - a scroll of torment {unknown}
Potions
 b - a potion of berserk rage
 e - a potion of degeneration {unknown}
 j - a potion of heal wounds {unknown}


   Skills:
 + Level 3.7 Fighting
 + Level 0.8 Short Blades
 + Level 1.0 Polearms
 + Level 1.0 Throwing
 + Level 1.1 Dodging
 + Level 1.3 Stealth
 + Level 2.0 Unarmed Combat
 * Level 0.3 Spellcasting
 + Level 1.0 Evocations


You couldn't memorise any spells.
You knew the following spells:

 Your Spells              Type           Power      Damage    Failure   Level
a - Shock                 Conj/Air       4%         1d3       24%         1
b - Swiftness             Air            1%         N/A       58%         3
c - Ignite Poison         Fire/Tmut/Pois 1%         N/A       58%         3
d - Foxfire               Conj/Fire      4%         2x1d4     24%         1
e - Freeze                Ice            4%         1d3       24%         1

Your spell library contained the following spells:

 Spells                   Type           Power      Damage    Failure   Level


Dungeon Overview and Level Annotations

Branches:
Dungeon (2/15)

Altars:
Yredelemnul


Innate Abilities, Weirdness & Mutations

You are immune to sickness and miasma.
You are immune to poison.
Your flesh is very heat resistant. (rF++)
You are vulnerable to cold. (rC-)
You float through the air rather than walking.
You learn spells naturally, not from books.
Your magical power is your life essence.
You have superior vitality. (+4 HP)


Message History

Casting: Shock (safe; 24% risk of failure)
Confirm with . or Enter, or press ? or * to list all spells.
Aiming: Shock (safe; 24% risk of failure)
Press: ? - help, Shift-Dir - straight line The zap hits the scorpion.
The scorpion is severely wounded.
The zap misses the scorpion.
The scorpion stings you. The scorpion barely misses you.
Casting: Shock (safe; 24% risk of failure)
Confirm with . or Enter, or press ? or * to list all spells.
Aiming: Shock (safe; 24% risk of failure)
Press: ? - help, Shift-Dir - straight line The zap hits the scorpion but does no damage.
The scorpion is severely wounded.
The zap hits the scorpion but does no damage.
The scorpion is severely wounded.
The scorpion stings you.
* * * LOW HITPOINT WARNING * * *
Casting: Shock (safe; 24% risk of failure)
Confirm with . or Enter, or press ? or * to list all spells.
Aiming: Shock (safe; 24% risk of failure)
Press: ? - help, Shift-Dir - straight line The zap hits the scorpion.
The scorpion is severely wounded.
The zap misses the scorpion.
* * * LOW HITPOINT WARNING * * *
The scorpion stings you but does no damage.
Casting: Shock (safe; 24% risk of failure)
Confirm with . or Enter, or press ? or * to list all spells.
Aiming: Shock (safe; 24% risk of failure)
Press: ? - help, Shift-Dir - straight line The zap misses the scorpion. x2
* * * LOW HITPOINT WARNING * * *
The scorpion stings you.
* * * LOW HITPOINT WARNING * * *
Unknown command.
You hit the scorpion but do no damage.
The scorpion is severely wounded.
The scorpion stings you.
You die...

### #.. # #.# .# #.#
###.##### ##.##
#.s...... ##.#†###@#
##.###.##.# ##.##
##.#.# #.## ##..#.#
#..## ##.#.#.#
#.#.###.##.#.# #<.#
#.##.#..##.#.# #..#
#.###........###..# #
#.#####..###.........


You could see a scorpion.

Vanquished Creatures
  A dart slug (D:1)
  2 endoplasms
  4 giant cockroaches (D:1)
  5 goblins
  4 hobgoblins (D:1)
  A quokka (D:1)
  A ball python (D:1)
  5 frilled lizards
  2 kobolds (D:1)
  4 rats
29 creatures vanquished.

Vanquished Creatures (others)
  2 foxfires (D:2)
  2 plants (D:2)
4 creatures vanquished.

Grand Total: 33 creatures vanquished

Notes
Turn   | Place    | Note
-------+----------+-------------------------------------------
     0 | D:1      | Phlounder the Djinni Wanderer began the quest for the Orb.
     0 | D:1      | Reached XP level 1. HP: 20/20 MP: 0/0
    97 | D:1      | Reached XP level 2. HP: 25/25 MP: 0/0
   105 | D:1      | Found a faded altar of an unknown god.
   498 | D:1      | Reached XP level 3. HP: 21/31 MP: 0/0
   498 | D:1      | Learned a level 1 spell: Freeze
  1017 | D:2      | Found a basalt altar of Yredelemnul.
  1175 | D:2      | Noticed a scorpion
  1192 | D:2      | HP: 1/31 [scorpion (5)]
  1193 | D:2      | Slain by a scorpion

Illustrated notes

Levels and vault maps discovered:
D:1:      dpeg_arrival_pond, layout_basic,
          hellmonk_ecumenical_altar_arch_garden, minmay_liquid_box
D:2:      layout_loops_ring, basic_altar, serial_forest,
          infiniplex_forest_straight_1, infiniplex_forest_end_2,
          infiniplex_forest_end_2, infiniplex_forest_end_2,
          infiniplex_forest_join, infiniplex_forest_lined_3_way,
          infiniplex_forest_end_2

Action                   || total
-------------------------++-------
Melee: Dagger            ||    86
       Punch             ||     1
 Cast: Shock             ||    10
       Foxfire           ||     1
 Stab: Sleeping          ||     6
       Distracted        ||     1
Armor: Robe              ||    10
Dodge: Dodged            ||    48

Table legend: (Time is in decaauts)
 A = Elapsed time spent in this place.
 B = Non-inter-level travel time spent in this place.
 C = Inter-level travel time spent in this place.
 D = Time resting spent in this place.
 E = Time spent auto-exploring this place.
 F = Levels seen in this place.
 G = Mean time per level.
                   A        B        C        D        E       F      G
               +--------+--------+--------+--------+--------+-----+--------+
         Total |   1190 |   1180 |     10 |      0 |    959 |   2 |  595.0 |
       Dungeon |   1190 |   1180 |     10 |      0 |    959 |   2 |  595.0 |
               +--------+--------+--------+--------+--------+-----+--------+

Top non-repeatable levels by time:
     D:1: 946 daAuts
     D:2: 243 daAuts
